 Dungeon Crawl Stone Soup version 0.20-a0-903-g7e3609c (webtiles) character file.

1516 Buane the Spear-Bearer (level 8, -9/64 HPs)
             Began as a Merfolk Gladiator on Mar 20, 2017.
             Was an Initiate of the Shining One.
             Mangled by an orc warrior
             ... wielding a +0 hand axe
              (12 damage)
             ... on level 6 of the Dungeon.
             The game lasted 00:14:21 (6098 turns).

Buane the Spear-Bearer (Merfolk Gladiator)          Turns: 6098, Time: 00:14:21

Health: -9/64      AC: 10    Str: 16    XL:     8   Next: 83%
Magic:  8/8        EV: 15    Int:  5    God:    the Shining One [......]
Gold:   286        SH:  0    Dex: 19    Spells: 7/7 levels left

rFire    + . .     SeeInvis .   a - +0 trident
rCold    . . .     Gourm    .   o - +1 leather armour "Muas Fuwu" {MR+ Int-2 Dex+3}
rNeg     . . .     Faith    +   (no shield)
rPois    .         Spirit   .   c - +0 helmet
rElec    .         Reflect  .   t - +0 cloak
rCorr    .         Harm     .   F - +0 pair of gloves
MR       +....                  b - +1 pair of boots
Stlth    +.........             E - amulet of Bodily Harmony {Faith *Corrode +Blink Stlth+}
Regen    0.2/turn               (no ring)
MPRegen  0.2/turn               r - ring of protection from fire

@: about to teleport, glowing
A: change form in water, swift swim, stealthy swim
a: Renounce Religion, Evoke Blink


You were on level 6 of the Dungeon.
You worshipped the Shining One.
The Shining One was noncommittal.
You were not hungry.

You visited 1 branch of the dungeon, and saw 6 of its levels.
You also visited: Ossuary.

You collected 286 gold pieces.

Inventory:

Hand Weapons
 a - a +0 trident (weapon)
Missiles
 d - 4 throwing nets (quivered)
Armour
 b - a +1 pair of boots (worn)
 c - a +0 helmet (worn)
 o - the +1 leather armour "Muas Fuwu" (worn) {MR+ Int-2 Dex+3}
   (You found it on level 5 of the Dungeon)

   It affects your intelligence (-2).
   It affects your dexterity (+3).
   It affects your resistance to hostile enchantments.
 t - a +0 cloak (worn)
 F - a +0 pair of gloves (worn)
Jewellery
 r - a ring of protection from fire (left hand)
 E - the amulet of Bodily Harmony (around neck) {Faith *Corrode +Blink Stlth+}
   (You found it on level 5 of the Dungeon)

   [amulet of faith]

   It allows you to gain divine favour quickly.
   It lets you blink.
   It may corrode you when you take damage.
   It makes you more stealthy.
Scrolls
 e - 2 scrolls of remove curse {unknown}
 h - 3 scrolls of enchant weapon {unknown}
 j - 2 scrolls of recharging {unknown}
 l - 4 scrolls of teleportation
 p - a scroll of brand weapon {unknown}
 x - a scroll of magic mapping {unknown}
 y - a scroll of fear {unknown}
 C - a scroll of immolation {unknown}
Potions
 i - a potion of flight
 k - 2 potions of mutation
 m - 2 potions of magic
 n - a potion of haste
 v - 2 potions of brilliance
 z - a potion of berserk rage
 D - a potion of might
Comestibles
 f - 2 bread rations
 g - 6 meat rations


   Skills:
 * Level 5.7 Fighting
 + Level 9.3 Polearms
 - Level 2.0 Throwing
 - Level 5.2 Armour
 + Level 5.2 Dodging


You had 7 spell levels left.
You didn't know any spells.

Dungeon Overview and Level Annotations

Branches:
Dungeon (6/15)             Temple (0/1) D:6

Altars:
Nemelex Xobeh
Sif Muna
Yredelemnul
The Shining One


Message History

The orc warrior hits you but does no damage.
You hit the orc warrior but do no damage.
The orc warrior is almost dead.
The orc warrior hits you with a hand axe!
* * * LOW HITPOINT WARNING * * *
You barely miss the orc warrior.
The orc warrior is almost dead.
The orc warrior hits you but does no damage.
The orc warrior misses you.
You hit the orc warrior but do no damage.
The orc warrior is almost dead.
The orc warrior hits you with a hand axe!
* * * LOW HITPOINT WARNING * * *
The orc warrior misses you.
Okay, then.
Okay, then.
As you read the scroll of teleportation, it crumbles to dust.
You feel strangely unstable.
The orc warrior hits you with a hand axe!
You die...

#################
#....o@..........
#....o.).........
#..#####..#####..
#......#..#......
.....#..#.....
###..#..#..####
..o..#..#......
.....#..#......
o#####..#####..


You could see 2 orc warriors.

Vanquished Creatures
  The ghost of Maxmaps the Stinger, a novice DsVM of Cheibriados (D:5)
  Prince Ribbit (D:5)
  Menkaure (Ossuary)
  A sky beast (D:5)
  An orc warrior (D:5)
  2 centaurs (D:5)
  An ogre (D:6)
  A crimson imp (D:5)
  3 orc wizards
  A bullfrog skeleton (D:5)
  Crazy Yiuf (D:3)
  2 iguanas
  2 worker ants
  A hound skeleton (D:4)
  3 mummies (Ossuary)
  A howler monkey zombie (D:5)
  A howler monkey skeleton (D:4)
  6 adders
  A shadow imp (D:5)
  3 oozes
  An adder zombie (D:5)
  2 worms
  2 dart slugs
  3 leopard geckos
  10 orcs
  5 giant cockroaches
  3 gnoll zombies (Ossuary)
  5 goblins
  4 hobgoblins
  A jackal (D:6)
  A quokka (D:5)
  2 ball pythons
  6 bats
  3 frilled lizards
  3 gnoll skeletons (Ossuary)
  A goblin skeleton (Ossuary)
  4 goblin zombies (Ossuary)
  2 hobgoblin skeletons (Ossuary)
  3 hobgoblin zombies (Ossuary)
  4 kobolds
  A kobold skeleton (Ossuary)
  4 kobold zombies (Ossuary)
  3 orc skeletons (Ossuary)
  5 rats
  2 rat skeletons (Ossuary)
  4 rat zombies (Ossuary)
118 creatures vanquished.

Vanquished Creatures (others)
  A gnoll skeleton (Ossuary)
  2 gnoll zombies (Ossuary)
  3 goblin skeletons (Ossuary)
  3 hobgoblin skeletons (Ossuary)
  A hobgoblin zombie (Ossuary)
  3 kobold skeletons (Ossuary)
  2 kobold zombies (Ossuary)
  2 orc skeletons (Ossuary)
  A rat skeleton (Ossuary)
  2 rat zombies (Ossuary)
20 creatures vanquished.

Grand Total: 138 creatures vanquished

Notes
Turn   | Place    | Note
-------+----------+-------------------------------------------
     0 | D:1      | Buane the Merfolk Gladiator began the quest for the Orb.
     0 | D:1      | Reached XP level 1. HP: 16/16 MP: 1/1
   126 | D:1      | Reached XP level 2. HP: 19/23 MP: 2/2
   808 | D:2      | Reached XP level 3. HP: 29/29 MP: 3/3
   836 | D:2      | Found a sparkling altar of Nemelex Xobeh.
  1015 | D:2      | Reached skill level 5 in Polearms
  1492 | D:2      | Reached XP level 4. HP: 37/37 MP: 4/4
  1802 | D:3      | Found a basalt altar of Yredelemnul.
  2287 | D:3      | Found a runed door.
  2291 | D:3      | Noticed Crazy Yiuf
  2295 | D:3      | Killed Crazy Yiuf
  2295 | D:3      | Reached skill level 1 in Armour
  2369 | D:4      | Reached XP level 5. HP: 36/42 MP: 5/5
  2425 | D:4      | Found a sand-covered staircase.
  2431 | Ossuary  | Entered an ossuary
  2749 | Ossuary  | Noticed Menkaure
  2756 | Ossuary  | Killed Menkaure
  2756 | Ossuary  | Reached skill level 6 in Polearms
  2756 | Ossuary  | Reached XP level 6. HP: 41/48 MP: 6/6
  3293 | D:4      | Reached skill level 7 in Polearms
  3435 | D:4      | Reached XP level 7. HP: 54/54 MP: 7/7
  3438 | D:4      | Found a deep blue altar of Sif Muna.
  3486 | D:5      | Entered Level 5 of the Dungeon
  3638 | D:5      | Got a sparkling copper amulet
  3640 | D:5      | Identified the amulet of Bodily Harmony {Faith *Corrode +Blink Stlth+} (You found it on level 5 of the Dungeon)
  3706 | D:5      | Found a glowing golden altar of the Shining One.
  3714 | D:5      | Became a worshipper of the Shining One
  3847 | D:5      | Noticed Maxmaps's ghost (novice DsVM)
  3870 | D:5      | Killed Maxmaps's ghost
  3870 | D:5      | Reached skill level 8 in Polearms
  4185 | D:5      | Reached XP level 8. HP: 53/60 MP: 8/8
  4202 | D:5      | Reached skill level 5 in Armour
  4702 | D:5      | Got a fine leather armour
  4713 | D:5      | Identified the +1 leather armour "Muas Fuwu" {MR+ Int-2 Dex+3} (You found it on level 5 of the Dungeon)
  5320 | D:5      | Noticed Prince Ribbit
  5346 | D:5      | Killed Prince Ribbit
  5346 | D:5      | Reached skill level 5 in Fighting
  5346 | D:5      | Reached skill level 9 in Polearms
  5736 | D:6      | Found a staircase to the Ecumenical Temple.
  5819 | D:5      | Reached skill level 5 in Dodging
  6097 | D:6      | HP: 2/64 [orc warrior/hand axe (13)]
  6098 | D:6      | Mangled by an orc warrior

Vault maps used:
D:1:      dpeg_arrival_simpleton_c
D:2:      first_bread, nemelex_lonely_heart_becter
D:3:      yredelemnul_altar_generic, uniq_crazy_yiuf_cottage
D:4:      nicolae_ossuary_entry_plus, tgw_sif
D:5:      old_standard_altar, uniq_prince_ribbit1
D:6:      kennysheep_windowed_halls, temple_statues, minmay_misc_feat_encased
Ossuary:  ossuary_due_pyramid

Skill      XL: |  1  2  3  4  5  6  7  8 |
---------------+-------------------------+-----
Fighting       | 3 4 5 |  5.7
Polearms       | 5 6 7 8 9 |  9.3
Armour         | 1 2 3 4 5 |  5.2
Dodging        | 5 |  5.2
Throwing       | |  2.0

Action                   |  1- 3 |  4- 6 |  7- 9 || total
-------------------------+-------+-------+-------++-------
Melee: Trident           |   113 |   234 |   235 ||   582
Throw: Throwing net      |       |       |     2 ||     2
  Use: Scroll            |     4 |     3 |     5 ||    12
       Potion            |       |     4 |     7 ||    11
 Stab: Sleeping          |     1 |       |     1 ||     2
  Eat: Fruit             |     4 |     1 |       ||     5
       Bread ration      |       |     1 |     1 ||     2
       Meat ration       |       |       |     1 ||     1
Armor: Leather armour    |    20 |       |     7 ||    27
       Ring mail         |    16 |    56 |    45 ||   117
Dodge: Dodged            |    54 |    95 |   129 ||   278
